Map: Desvio para o Azul LE

Players

Vicster - Winner!

  • Race: Terran Terran
  • League: Gold
  • Spawn Location: 1:00

VOD

Have the link to the VOD?

Description

Time

  • Played on: Jan. 6, 2019, 3:05 p.m.
  • Length: 19:13
Show
View Real Time Build Order
Export as new Build Order

Vicster Terran - Winner!

Build Orders:  

Get SALT Encoding   

  12  0:01  SCV  
  13  0:18  SCV  
  14  0:24  Supply Depot  
  14  0:35  SCV  
  15  0:54  SCV  
  15  0:57  Barracks  
  16  1:11  SCV  
  16  1:14  Refinery  
  17  1:28  SCV  
  18  1:45  SCV  
  19  2:04  Orbital Command  
  19  2:06  Marine  
  20  2:24  Command Center  
  20  2:41  SCV  
  20  2:48  Factory  
  21  2:57  SCV  
  22  3:03  Barracks Tech Lab  
  22  3:11  Supply Depot  
  22  3:14  SCV  
  23  3:30  Refinery  
  23  3:41  SCV  
  24  3:58  SCV  
  25  4:02  Siege Tank  
  25  4:07  Orbital Command  
  28  4:16  Bunker  
  28  4:37  Command Center  
  27  4:41  SCV  
  28  4:56  SCV  
  28  4:58  SCV  
  28  4:59  Supply Depot  
  30  5:10  Siege Tank  
  30  5:18  SCV  
  34  5:25  SCV  
  35  5:35  SCV  
  36  5:42  SCV  
  36  5:44  Engineering Bay  
  37  5:52  SCV  
  37  5:55  Siege Tank  
  41  6:05  Factory  
  41  6:09  SCV  
  42  6:24  Factory, Missile Turret x2, SCV  
  42  6:28  SCV  
  44  6:30  Orbital Command  
  44  6:36  Supply Depot  
  44  6:47  Siege Tank  
  47  6:52  SCV  
  47  6:54  SCV  
  49  7:02  Refinery  
  49  7:03  Refinery  
  49  7:05  SCV  
  49  7:09  SCV  
  51  7:11  SCV  
  51  7:19  Armory  
  52  7:22  SCV  
  52  7:26  SCV  
  52  7:28  SCV  
  55  7:35  Armory  
  55  7:54  SCV  
  55  7:57  SCV x2  
  55  7:59  Factory Reactor  
  58  8:00  Factory Reactor  
  58  8:10  SCV  
  58  8:14  Command Center, SCV x2  
  61  8:22  Supply Depot  
  61  8:23  Supply Depot  
  61  8:25  Supply Depot  
  61  8:27  SCV  
  61  8:28  Thor  
  68  8:31  SCV  
  68  8:37  Factory  
  69  8:45  Factory  
  69  8:48  SCV  
  69  8:49  SCV  
  71  8:50  SCV  
  71  8:56  Hellion  
  71  8:59  Hellion  
  76  9:05  SCV  
  76  9:06  SCV  
  76  9:07  SCV  
  79  9:24  SCV  
  79  9:25  Supply Depot  
  79  9:29  Terran Vehicle Weapons Level 1  
  80  9:30  Terran Vehicle And Ship Armor Level 1, Siege Tank  
  80  9:34  Hellion  
  80  9:35  Siege Tank, Hellion  
  84  9:40  Thor  
  84  9:44  Factory Tech Lab  
  84  9:45  Siege Tank  
  84  9:48  Factory Tech Lab  
  90  9:51  SCV  
  90  9:54  Siege Tank  
  90  9:59  Supply Depot  
  91  10:02  Orbital Command  
  91  10:31  Orbital Command  
  91  10:46  Thor x2  
  91  10:47  Orbital Command  
  103  10:50  Hellion x5  
  113  11:10  Command Center  
  113  11:11  Command Center  
  113  11:20  SCV x2  
  113  11:21  SCV  
  113  11:28  SCV  
  117  11:36  Hellion  
  117  11:37  SCV x3, Hellion x2  
  117  11:38  Thor, Siege Tank  
  132  11:47  Siege Tank  
  132  11:58  Supply Depot  
  132  11:59  Supply Depot  
  132  12:28  Thor, Hellion  
  132  12:29  Thor, SCV  
  147  12:50  Hellion x3  
  147  12:53  Factory  
  147  12:54  Orbital Command  
  153  13:04  Factory  
  153  13:07  Orbital Command  
  153  13:12  Factory  
  153  13:13  Factory  
  153  13:15  SCV  
  153  13:16  SCV x3  
  157  13:21  Refinery  
  157  13:23  Refinery  
  157  13:32  SCV  
  157  13:33  SCV x3  
  161  13:49  SCV x2  
  162  13:50  SCV x2  
  162  13:51  Refinery  
  162  13:52  Refinery  
  162  13:53  Supply Depot  
  162  13:57  Supply Depot  
  165  14:03  Supply Depot  
  165  14:06  SCV x2  
  165  14:07  SCV  
  168  14:11  Factory Tech Lab  
  168  14:12  Factory Tech Lab  
  168  14:25  Factory Tech Lab, Command Center, Orbital Command  
  168  14:26  Factory Tech Lab  
  153  15:13  Siege Tank  
  153  15:17  Siege Tank  
  153  15:20  Hellion  
  153  15:21  Hellion x9  
  153  15:29  Terran Vehicle Weapons Level 2  
  173  15:34  Terran Vehicle And Ship Armor Level 2  
  173  15:50  Hellion  
  173  15:51  Hellion x9  
  179  16:20  Hellion  
  179  16:21  Thor x3  
  195  16:49  Hellion  
  197  16:50  Hellion  
  197  16:56  Orbital Command  
  199  17:10  SCV  
  200  17:55  Siege Tank  
  200  18:08  Refinery  
  200  18:15  Refinery  
  200  18:59  Refinery x2  
  200  19:13  Command Center  
Tags
 
Add a new tag
Caveats
  • Supply blocks, unpowered buildings, or Contaminate may cause inaccurate times.
  • Supply counts are checked every 10 seconds.